 Dungeon Crawl Stone Soup version 0.28.0-47-ge53b351184 (webtiles) character file.

Game seed: 6194198519019604071

77 DearestLeader the Jinx (level 4, 0/32 HPs)
             Began as a Gnoll Wanderer on Apr 26, 2022.
             Succumbed to Sigmund's poison
             ... on level 3 of the Dungeon.
             The game lasted 00:05:44 (3563 turns).

DearestLeader the Jinx (Gnoll Wanderer)             Turns: 3563, Time: 00:05:45

Health: 0/32       AC:  2    Str: 11    XL:     4   Next: 34%
Magic:  5/8        EV: 11    Int: 15    God:
Gold:   161        SH:  0    Dex: 10    Spells: 4/9 levels left

rFire   . . .      SeeInvis .   a - +0 dagger
rCold   . . .      Faith    .   (no shield)
rNeg    . . .      Spirit   .   c - +0 robe
rPois   .          Reflect  .   (no helmet)
rElec   .          Harm     .   (no cloak)
rCorr   .          Rampage  .   (no gloves)
Will    .....                   (no boots)
Stlth   +.........              (no amulet)
HPRegen 0.10/turn               (no ring)
MPRegen 0.11/turn               (no ring)

@: lethally poisoned (0 -> -8)
A: fangs 1, strong nose, distributed training
a: no special abilities


You were on level 3 of the Dungeon.
You visited 1 branch of the dungeon, and saw 3 of its levels.

You collected 161 gold pieces.

Inventory:

Hand Weapons
 a - a +0 dagger (weapon)
Missiles
 b - 8 boomerangs (quivered)
Armour
 c - a +0 robe (worn)
Wands
 j - a wand of digging (1)
Scrolls
 h - a scroll of fog {unknown}
Potions
 d - 2 potions of curing {unknown}
 e - 2 potions of flight {unknown}
 f - a potion of ambrosia {unknown}
 g - a potion of mutation {unknown}
 i - a potion of haste {unknown}


   Skills:
 + Level 1.1 Fighting
 + Level 1.1 Short Blades
 + Level 1.1 Long Blades
 + Level 1.1 Axes
 + Level 1.1 Maces & Flails
 + Level 1.1 Polearms
 + Level 1.1 Staves
 + Level 1.1 Slings
 + Level 1.1 Bows
 + Level 1.1 Crossbows
 + Level 2.7 Throwing
 + Level 1.1 Armour
 + Level 1.1 Dodging
 + Level 1.1 Stealth
 + Level 1.1 Shields
 + Level 1.1 Unarmed Combat
 + Level 3.0 Spellcasting
 + Level 0.8 Conjurations
 + Level 8.8 Hexes
 + Level 0.8 Summonings
 + Level 0.8 Necromancy
 + Level 0.8 Translocations
 + Level 0.8 Transmutations
 + Level 3.8 Fire Magic
 + Level 0.8 Ice Magic
 + Level 0.8 Air Magic
 + Level 0.8 Earth Magic
 + Level 0.8 Poison Magic
 + Level 1.2 Invocations
 + Level 2.7 Evocations


You had 4 spell levels left.
You knew the following spells:

 Your Spells              Type           Power      Damage    Failure   Level
a - Slow                  Hex            100%       N/A       1%          1
b - Foxfire               Conj/Fire      36%        2x1d5     8%          1
c - Tukima's Dance        Hex            28%        N/A       1%          3

Your spell library contained the following spells:

 Spells                   Type           Power      Damage    Failure   Level
 Cause Fear               Hex            14%        N/A       5%          4
 Freeze                   Ice            16%        1d4       14%         1
 Ignite Poison            Fire/Tmut/Pois 7%         N/A       28%         3
 Frozen Ramparts          Ice            8%         1d2       38%         3
 Hailstorm                Conj/Ice       4%         3d4       80%         4


Dungeon Overview and Level Annotations

Branches:
Dungeon (3/15)

Altars:

Annotations:
D:3 Sigmund


Innate Abilities, Weirdness & Mutations

You have very sharp teeth.
Your uncanny sense of smell can sniff out nearby items.
Your experience applies equally to all skills.


Message History

You conjure some foxfire!
The foxfire hits something but does no damage.
A puff of flame appears from out of thin air!
The puff of flame hits you.
The foxfire hits something but does no damage.
The foxfire hits something but does no damage.
The foxfire hits something.
Casting: Foxfire (safe; 8% risk of failure)
Confirm with . or Enter, or press ? or * to list all spells.
You conjure some foxfire!
Your foxfire dissipates!
The foxfire hits something.
A puff of flame appears from out of thin air!
The puff of flame hits you.
You are confused.
You're too confused to cast spells.
You're too confused to cast spells.
Unknown command.
You're too confused to move!
You feel less confused.
Casting: Foxfire (safe; 8% risk of failure)
Confirm with . or Enter, or press ? or * to list all spells.
You can't see any susceptible monsters within range! (Use Z to cast anyway.)
Casting: Foxfire (safe; 8% risk of failure)
Confirm with . or Enter, or press ? or * to list all spells.
You conjure some foxfire!
Something hits you!
You are lethally poisoned!
Your foxfire dissipates!
You feel very sick.
The foxfire hits something but does no damage.
* * * LOW HITPOINT WARNING * * *
You feel very sick.
* * * LOW HITPOINT WARNING * * *
You feel very sick.
Unknown command.
Okay, then.
Okay, then.
* * * LOW HITPOINT WARNING * * *
You feel sick. Something barely misses you.
You die...

#....[).........##
...†........##....
....$...........#
....#.....<.###.#
#...##.#### ###..#.#
∆ ####...#
#.....#####..
#.#####@...........∆
#..................
#######....##......
#....# #.....
#####....##.. .## #
. ##


There were no monsters in sight!

Vanquished Creatures
  An adder (D:2)
  2 worms (D:2)
  A dart slug (D:2)
  An orc (D:3)
  5 bats
  8 endoplasms
  A giant cockroach (D:1)
  3 goblins
  3 hobgoblins
  2 jackals (D:2)
  4 quokkas
  8 ball pythons
  5 frilled lizards (D:2)
  5 kobolds
  3 rats
52 creatures vanquished.

Vanquished Creatures (collateral kills)
  A kobold (D:2)
1 creature vanquished.

Vanquished Creatures (others)
  101 foxfires
  4 toadstools (D:2)
105 creatures vanquished.

Grand Total: 158 creatures vanquished

Notes
Turn   | Place    | Note
-------+----------+-------------------------------------------
     0 | D:1      | DearestLeader the Gnoll Wanderer began the quest for the
                  | Orb.
     0 | D:1      | DearestLeader set off with the following items: a +0
                  | dagger, 8 boomerangs, a +0 robe; and the following spells
                  | available to memorise: Slow, Tukima's Dance, Cause Fear,
                  | Foxfire, Ignite Poison
     0 | D:1      | Reached XP level 1. HP: 13/13 MP: 4/4
     2 | D:1      | Learned a level 1 spell: Slow
     4 | D:1      | Learned a level 1 spell: Foxfire
   579 | D:1      | Reached XP level 2. HP: 19/19 MP: 5/5
  1356 | D:1      | Reached XP level 3. HP: 18/25 MP: 7/7
  1673 | D:2      | Found a faded altar of an unknown god.
  1988 | D:2      | Reached skill level 1 in Invocations
  2304 | D:2      | Learned a level 3 spell: Tukima's Dance
  2337 | D:2      | Reached skill level 1 in Fighting
  2337 | D:2      | Reached skill level 1 in Short Blades
  2337 | D:2      | Reached skill level 1 in Long Blades
  2337 | D:2      | Reached skill level 1 in Axes
  2337 | D:2      | Reached skill level 1 in Maces & Flails
  2337 | D:2      | Reached skill level 1 in Polearms
  2337 | D:2      | Reached skill level 1 in Staves
  2337 | D:2      | Reached skill level 1 in Slings
  2337 | D:2      | Reached skill level 1 in Bows
  2337 | D:2      | Reached skill level 1 in Crossbows
  2337 | D:2      | Reached skill level 1 in Armour
  2337 | D:2      | Reached skill level 1 in Dodging
  2337 | D:2      | Reached skill level 1 in Stealth
  2337 | D:2      | Reached skill level 1 in Shields
  2337 | D:2      | Reached skill level 1 in Unarmed Combat
  2562 | D:2      | Reached XP level 4. HP: 18/32 MP: 8/8
  3542 | D:3      | Noticed Sigmund
  3563 | D:3      | Succumbed to Sigmund's poison

Illustrated notes

Levels and vault maps discovered:
D:1:      dpeg_arrival_water_fire, layout_loops_ring, nicolae_figureground_pulse
D:2:      minmay_skewed_foursquare, layout_basic, basic_ecumenical_altar,
          minmay_gold_behind_fungi, minivault_26, skrybe_limestone_x
D:3:      layout_rooms, lemuel_tele_altar, uniq_sigmund

Skill      XL: |  1  2  3  4 |
---------------+-------------+-----
Invocations    | 1 |  1.2
Fighting       | 1 |  1.1
Short Blades   | 1 |  1.1
Long Blades    | 1 |  1.1
Axes           | 1 |  1.1
Maces & Flails | 1 |  1.1
Polearms       | 1 |  1.1
Staves         | 1 |  1.1
Slings         | 1 |  1.1
Bows           | 1 |  1.1
Crossbows      | 1 |  1.1
Armour         | 1 |  1.1
Dodging        | 1 |  1.1
Stealth        | 1 |  1.1
Shields        | 1 |  1.1
Unarmed Combat | 1 |  1.1
Spellcasting   | 3 |  3.0
Throwing       | |  2.7
Conjurations   | |  0.8
Hexes          | |  8.8
Summonings     | |  0.8
Necromancy     | |  0.8
Translocations | |  0.8
Transmutations | |  0.8
Fire Magic     | |  3.8
Ice Magic      | |  0.8
Air Magic      | |  0.8
Earth Magic    | |  0.8
Poison Magic   | |  0.8
Evocations     | |  2.7

Action                   |  1- 3 |  4- 6 || total
-------------------------+-------+-------++-------
Melee: Dagger            |    90 |     6 ||    96
       Bite              |     3 |     1 ||     4
       Punch             |     1 |       ||     1
 Cast: Foxfire           |    41 |    19 ||    60
       Slow              |     3 |       ||     3
       Tukima's Dance    |     1 |     1 ||     2
 Stab: Sleeping          |     4 |       ||     4
Armor: Robe              |    24 |     1 ||    25
Dodge: Dodged            |    51 |    14 ||    65
